 Dungeon Crawl Stone Soup version 0.30-a0-918-g0ff054e9dc (webtiles) character file.

Game seed: 8427564711356911996

5 Rocko1345 the Charlatan (level 1, -2/16 HPs)
             Began as a Demigod Wanderer on Mar 20, 2023.
             Slain by a kobold
             ... wielding a +0 short sword
              (3 damage)
             ... on level 1 of the Dungeon.
             The game lasted 00:00:48 (163 turns).

Rocko1345 the Charlatan (Demigod Wanderer)           Turns: 163, Time: 00:00:48

Health: -2/16      AC:  2    Str: 13    XL:     1   Next: 53%
Magic:  2/5        EV:  8    Int: 14    God:
Gold:   28         SH:  0    Dex: 13    Spells: 2/3 levels left

rFire   . . .      SeeInvis .    a - +0 club
rCold   . . .      Faith    .    (no shield)
rNeg    . . .      Spirit   .    d - +0 robe
rPois   .          Reflect  .    (no helmet)
rElec   .          Rampage  .    (no cloak)
rCorr   .                        (no gloves)
Will    .....                    (no boots)
Stlth   ++                       (no amulet)
HPRegen 0.22/turn                (no ring)
MPRegen 0.09/turn                (no ring)

@: very slightly contaminated, constricted
A: high MP 1, forlorn, divine attributes
a: no special abilities


You were on level 1 of the Dungeon.
You visited 1 branch of the dungeon, and saw 1 of its levels.

You collected 28 gold pieces.

Inventory:

Hand Weapons
 a - a +0 club (weapon)
Armour
 d - a +0 robe (worn)
Wands
 e - a wand of polymorph (12)
Scrolls
 b - a scroll of fog
 c - a scroll of fear
 g - a scroll of enchant armour {unknown}
Potions
 f - 2 potions of curing {unknown}


   Skills:
 + Level 1.1 Fighting
 + Level 1.1 Dodging
 + Level 1.1 Stealth
 + Level 1.8 Spellcasting
 + Level 1.8 Ice Magic
 + Level 2.7 Evocations


You had 2 spell levels left.
You knew the following spells:

 Your Spells              Type           Power      Damage    Failure   Level
a - Freeze                Ice            24%        1d4       12%         1

Your spell library contained the following spells:

 Spells                   Type           Power      Damage    Failure   Level
 Hailstorm                Conj/Ice       3%         3d3       45%         3


Dungeon Overview and Level Annotations

Branches:
Dungeon (1/15)


Innate Abilities, Weirdness & Mutations

You have an increased reservoir of magic. (+10% MP)
You shall have no god before yourself.
Your divine heritage dramatically boosts your attributes as you level up.


Message History

Confirm with . or Enter, or press ? or * to list all spells.
Aiming: Freeze (safe; 12% risk of failure)
Press: ? - help, Shift-Dir - straight line, f/p - kobold
Aim: a kobold, wielding a +0 short sword (moderately wounded)
You miscast Freeze.
Nothing appears to happen.
The kobold barely misses you.
You barely miss the kobold.
The kobold is moderately wounded.
The kobold hits you with a +0 short sword.
You hit the kobold but do no damage.
The kobold is moderately wounded.
The kobold hits you with a +0 short sword.
You miss the kobold.
The kobold is moderately wounded.
The ball python bites you but does no damage.
The ball python grabs you. The ball python constricts you.
The kobold hits you with a +0 short sword.
* * * LOW HITPOINT WARNING * * *
The ball python misses you. The ball python constricts you.
You hit the kobold.
The kobold is severely wounded.
The kobold misses you. The ball python bites you.
* * * LOW HITPOINT WARNING * * *
The ball python constricts you. The kobold closely misses you.
You hit the kobold but do no damage.
The kobold is severely wounded.
The ball python barely misses you. The ball python constricts you.
The kobold barely misses you. The ball python bites you.
* * * LOW HITPOINT WARNING * * *
The ball python constricts you.
You closely miss the kobold.
The kobold is severely wounded.
The ball python bites you but does no damage.
The ball python constricts you.
* * * LOW HITPOINT WARNING * * *
The kobold barely misses you. The ball python barely misses you.
The ball python constricts you.
You miss the kobold.
The kobold is severely wounded.
The kobold hits you with a +0 short sword.
You die...

.###.###.##..##..........#
..........#.###..##.......
##.###.##...###..#........
#.......#.#.#.............
..##.##...#.......##....#.
#.#...#.#.#.#.....# #....
#... ...#...#.....#
#.#...#.#.#.#....S#####
..##.##...#..##.@K....#
#.......#.#.###.#####.#
##.###.##...###.#
..........#.#.....
.###.###.##...#.##
........†...#...#
##.###.###.###....
######.###..##.###
##.#.### .#


You could see a ball python and a kobold.

Vanquished Creatures
  A dart slug (D:1)
  An endoplasm (D:1)
  A frilled lizard (D:1)
  A rat (D:1)
4 creatures vanquished.

Notes
Turn   | Place    | Note
-------+----------+-------------------------------------------
     0 | D:1      | Rocko1345 the Demigod Wanderer began the quest for the Orb.
     0 | D:1      | Rocko1345 set off with the following items: a +0 club, a
                  | scroll of fog, a scroll of fear, a +0 robe, a wand of
                  | polymorph (12); and the following spell memorised: Freeze;
                  | and the following spells available to memorise: Hailstorm.
     0 | D:1      | Reached XP level 1. HP: 16/16 MP: 5/5
   163 | D:1      | Slain by a kobold

Illustrated notes

Levels and vault maps discovered:
D:1:      dpeg_arrival_tiny_a, layout_loops_cross, serial_glass,
          glass_columns_b, glass_columns_a, minmay_misc_feat_tower,
          hangedman_abyss_or_decor_lesser_grid,
          nicolae_concentric_dashed_squares_mild

Action                     || total
---------------------------++-------
  Melee: Club              ||     7
   Cast: Freeze            ||     8
 Armour: Robe              ||     2
  Dodge: Dodged            ||    14

Table legend: (Time is in decaauts)
 A = Elapsed time spent in this place.
 B = Non-inter-level travel time spent in this place.
 C = Inter-level travel time spent in this place.
 D = Time resting spent in this place.
 E = Time spent auto-exploring this place.
 F = Levels seen in this place.
 G = Mean time per level.
                   A        B        C        D        E       F      G
               +--------+--------+--------+--------+--------+-----+--------+
         Total |    164 |    164 |      0 |     15 |    108 |   1 |  164.0 |
       Dungeon |    164 |    164 |      0 |     15 |    108 |   1 |  164.0 |
               +--------+--------+--------+--------+--------+-----+--------+

Top non-repeatable levels by time:
     D:1: 164 daAuts
